 Dungeon Crawl Stone Soup version 0.28-a0-751-gef3a642a4e (webtiles) character file.

Game seed: 11892112100276837740

54 croobank the Sneak (level 3, -1/21 HPs)
             Began as an Octopode Earth Elementalist on Oct 30, 2021.
             Slain by a goblin (2 damage)
             ... led by Robin
             ... on level 2 of the Dungeon.
             The game lasted 00:16:21 (2203 turns).

croobank the Sneak (Octopode Earth Elementalist)    Turns: 2203, Time: 00:16:21

Health: -1/21      AC:  1    Str:  8    XL:     3   Next: 91%
Magic:  6/6        EV: 13    Int: 17    God:
Gold:   89         SH:  0    Dex: 12    Spells: 5/6 levels left

rFire   . . .      SeeInvis .   g - staff of cold
rCold   + . .      Faith    .   (no shield)
rNeg    . . .      Spirit   .   (helmet restricted)
rPois   .          Reflect  .   i - amulet of magic regeneration
rElec   .          Harm     .   (no ring)
rCorr   .          Rampage  .   (no ring)
Will    .....                   (no ring)
Stlth   +++.......              (no ring)
HPRegen 0.07/turn               (no ring)
MPRegen 0.35/turn               (no ring)
                                (no ring)
                                (no ring)

@: about to teleport
A: almost no armour, amphibious, 8 rings, camouflage 1, gelatinous body 1,
(nimble swimmer 1), tentacles
a: no special abilities


You were on level 2 of the Dungeon.
You visited 1 branch of the dungeon, and saw 2 of its levels.

You collected 89 gold pieces.

Inventory:

Hand Weapons
 e - a +0 short sword
Missiles
 b - 79 stones
 f - 17 sling bullets
 h - 29 bolts
 j - 30 arrows
Magical Staves
 g - a staff of cold (weapon)
Jewellery
 i - an amulet of magic regeneration (around mantle)
Scrolls
 c - 3 scrolls of teleportation
 l - a scroll of blinking {unknown}
Potions
 a - 3 potions of ambrosia
 k - a potion of flight {unknown}


   Skills:
 + Level 0.1 Short Blades
 + Level 2.1 Dodging
 + Level 3.9 Stealth
 + Level 0.5 Unarmed Combat
 + Level 2.4 Spellcasting
 + Level 1.0 Transmutations
 + Level 3.6 Earth Magic


You had 5 spell levels left.
You knew the following spells:

 Your Spells              Type           Power      Damage    Failure   Level
a - Sandblast             Erth           28%        2d8       4%          1

Your spell library contained the following spells:

 Spells                   Type           Power      Damage    Failure   Level
 Passwall                 Tmut/Erth      7%         N/A       11%         2
 Stone Arrow              Conj/Erth      16%        3d8       26%         3
 Call Canine Familiar     Summ           2%         N/A       50%         3
 Portal Projectile        Hex/Tloc       4%         N/A       50%         3
 Petrify                  Tmut/Erth      9%         N/A       56%         4
 Leda's Liquefaction      Hex/Erth       4%         N/A       65%         4


Dungeon Overview and Level Annotations

Branches:
Dungeon (2/15)

Altars:
Yredelemnul


Innate Abilities, Weirdness & Mutations

You cannot wear most types of armour.
You are amphibious.
You can wear up to eight rings at the same time.
Your skin changes colour to match your surroundings (Stealth+).
Your rubbery body absorbs attacks. (AC +1, EV +1)
((You are camouflaged near water. (Stealth+)))
You have tentacles for arms and can constrict up to eight enemies at once.


Message History

You constrict Robin, but do no damage. Robin hits you with a +0 club.
You hit Robin but do no damage.
Robin is heavily wounded.
You constrict Robin. Robin closely misses you.
You hit Robin.
Robin is almost dead.
You constrict Robin. Robin closely misses you.
You hit Robin.
You kill Robin!
The hobgoblin no longer looks unusually strong.
Press: ? - help, v - describe, . - travel A basalt altar of Yredelemnul.
The hobgoblin hits you.
Unknown command.
You hit the hobgoblin. You grab the hobgoblin. You squeeze the hobgoblin.
You kill the hobgoblin!
You barely miss the goblin. You grab the goblin.
You constrict the goblin, but do no damage.
The goblin struggles to escape constriction.
You hit the goblin.
The goblin is heavily wounded.
You constrict the goblin.
You kill the goblin!
You closely miss the goblin. Your grab misses the goblin.
The goblin misses you. The goblin hits you with a +0 club.
Things that are here:
a +0 club; a goblin corpse; a hobgoblin corpse You barely miss the goblin.
You grab the goblin. You constrict the goblin.
The goblin hits you with a +0 dagger.
* * * LOW HITPOINT WARNING * * *
The goblin misses you.
As you read the scroll of teleportation, it crumbles to dust.
You feel strangely unstable.
You constrict the goblin. The goblin hits you with a +0 dagger.
* * * LOW HITPOINT WARNING * * *
The goblin closely misses you.
You hit the goblin.
You kill the goblin!
The goblin hits you with a +0 club.
You die...

#†......# #.# #.#
###.......#####.# #g#
..............>.# #.#
###.......###...# #g#
#.......###...# #.#
#.............# #g#
#.........#...# #.#
###########.#...#########.##
.........#<.#..)@g.........#
########.#..#.#.######.....#
...# #.#..#.#.### #.._..##
##.# #.#..#.#.#.####......#
#.#
#.#..#.#.#...##......#####
#.#
#.#..#.#.#.#.###.........#
##.#####.#..#.#.#.#.#
#.#######.#
......†..#..#.#.#.#.#
#.#.....#.# ##.#####....#
#.#.#.# #.......#.#


You could see a goblin.

Vanquished Creatures
  Robin (D:2)
  3 dart slugs (D:2)
  4 ball pythons
  2 bats (D:1)
  5 endoplasms (D:1)
  2 giant cockroaches (D:2)
  4 goblins
  5 hobgoblins
  A kobold (D:1)
  2 quokkas (D:1)
  A frilled lizard (D:2)
30 creatures vanquished.

Notes
Turn   | Place    | Note
-------+----------+-------------------------------------------
     0 | D:1      | croobank the Octopode Earth Elementalist began the quest
                  | for the Orb.
     0 | D:1      | Reached XP level 1. HP: 11/11 MP: 3/3
   410 | D:1      | Reached XP level 2. HP: 5/17 MP: 5/5
   771 | D:1      | Found a faded altar of an unknown god.
  1403 | D:2      | Reached XP level 3. HP: 19/21 MP: 6/6
  2050 | D:2      | Found a basalt altar of Yredelemnul.
  2158 | D:2      | Noticed Robin
  2173 | D:2      | Killed Robin
  2202 | D:2      | HP: 1/21 [goblin[Robin] (3)]
  2203 | D:2      | Slain by a goblin

Illustrated notes

Levels and vault maps discovered:
D:1:      dpeg_arrival_refuge, layout_basic, basic_ecumenical_altar
D:2:      layout_basic, basic_altar, grunt_ministairs_9, uniq_robin

Skill      XL: |  1 |
---------------+----+-----
Stealth        | 3 |  3.9
Short Blades   | |  0.1
Dodging        | |  2.1
Unarmed Combat | |  0.5
Spellcasting   | |  2.4
Transmutations | |  1.0
Earth Magic    | |  3.6

Action                   || total
-------------------------++-------
Melee: Short sword       ||    23
       Unarmed           ||     7
       Constrict         ||    12
       Tentacles         ||    10
       Staff             ||    25
 Cast: Sandblast         ||    15
  Use: Scroll            ||     6
 Stab: Sleeping          ||     6
Dodge: Dodged            ||    21

Table legend: (Time is in decaauts)
 A = Elapsed time spent in this place.
 B = Non-inter-level travel time spent in this place.
 C = Inter-level travel time spent in this place.
 D = Time resting spent in this place.
 E = Time spent auto-exploring this place.
 F = Levels seen in this place.
 G = Mean time per level.
                   A        B        C        D        E       F      G
               +--------+--------+--------+--------+--------+-----+--------+
         Total |   2208 |   2177 |     31 |    432 |   1403 |   2 | 1104.0 |
       Dungeon |   2208 |   2177 |     31 |    432 |   1403 |   2 | 1104.0 |
               +--------+--------+--------+--------+--------+-----+--------+

Top non-repeatable levels by time:
     D:1: 1378 daAuts
     D:2: 830 daAuts
